 Dungeon Crawl Stone Soup version 0.25.0-1-g7eea58d2a3 (webtiles) character file.

Game seed: 9119343233187304751

1941 Masnef the Skirmisher (level 9, -6/71 HPs)
             Began as a Barachi Arcane Marksman on June 13, 2020.
             Shot with an arrow by a centaur (8 damage)
             ... on level 6 of the Dungeon.
             The game lasted 01:44:13 (12251 turns).

Masnef the Skirmisher (Barachi Arcane Marksman)    Turns: 12251, Time: 01:44:14

Health: -6/71      AC:  7    Str: 16      XL:     9   Next: 18%
Magic:  25/25      EV: 12    Int: 15      God:
Gold:   302        SH:  5    Dex:  6 (12) Spells: 11/17 levels left

rFire    + . .     SeeInvis .   l - +1 mace (holy)
rCold    + . .     Gourm    .   (no shield)
rNeg     . . .     Faith    .   C - +2 leather armour {rC+}
rPois    .         Spirit   .   r - +1 helmet
rElec    .         Reflect  +   (no cloak)
rCorr    .         Harm     .   (no gloves)
MR       .....                  (no boots)
Stlth    +.........             i - amulet of reflection
HPRegen  0.21/turn              h - ring of protection from fire
MPRegen  0.19/turn              n - ring of magical power

@: can't hop, berserk cooldown, heavily drained, slow
A: +LOS, swims, thin metallic scales 1, deformed body, slowness 1, strong 1,
strong legs 1
a: Hop


You were on level 6 of the Dungeon.
You were not hungry.

You visited 1 branch of the dungeon, and saw 6 of its levels.
You also visited: Sewer.

You collected 302 gold pieces.

Inventory:

Hand Weapons
 a - a +0 hunting sling
 c - a +0 short sword
 k - a +0 short sword
 l - a +1 mace of holy wrath (weapon)
 p - a +0 dagger of venom
 s - a +0 rapier
 t - a +0 battleaxe
 w - a +0 hand axe
 B - a +0 falchion
 G - a +1 hand axe of flaming
Missiles
 g - 157 stones (quivered)
 j - a sling bullet
Armour
 e - a +0 robe
 m - a +0 leather armour
 o - a cursed +0 ring mail
 r - a +1 helmet (worn)
 z - the +1 robe of Vuib {Dex+3}
   (You found it on level 4 of the Dungeon)

   It affects your dexterity (+3).
 C - a +2 leather armour of cold resistance (worn)
Jewellery
 h - a ring of protection from fire (left hand)
 i - an amulet of reflection (around neck)
 n - a ring of magical power (right hand)
Wands
 d - a wand of paralysis (5)
 D - a wand of flame (22)
Scrolls
 b - a scroll of remove curse
 u - 2 scrolls of amnesia
 v - 2 scrolls of immolation
Potions
 q - a potion of cancellation
Comestibles
 f - 2 rations
 A - 2 chunks of flesh


   Skills:
 + Level 6.4(4.5) Fighting
 - Level 3.7(2.2) Short Blades
 - Level 1.7(1.4) Long Blades
 + Level 3.7(1.9) Axes
 - Level 4.9(3.1) Slings
 + Level 5.2(3.4) Dodging
 - Level 4.8(3.1) Spellcasting
 + Level 5.2(3.4) Hexes


You had 11 spell levels left.
You knew the following spells:

 Your Spells              Type           Power        Failure   Level  Hunger
a - Corona                Hex            ##.....      6%          1    #......
b - Slow                  Hex            ##......     9%          2    ##.....
c - Confusing Touch       Hex            ##......     19%         3    ###....

Your spell library contained the following spells:

 Spells                   Type           Power        Failure   Level  Hunger
 Inner Flame              Hex/Fire       #.......     36%         3    ###....
 Portal Projectile        Hex/Tloc       #.....       36%         3    ###....
 Cause Fear               Hex            ##........   52%         4    #####..
 Gell's Gravitas          Tloc           #.........   58%         3    ###....
 Leda's Liquefaction      Hex/Erth       #.........   77%         4    #####..
 Petrify                  Tmut/Erth      #.......     94%         4    #####..
 Metabolic Englaciation   Hex/Ice        #.........   98%         5    ######.
 Yara's Violent Unravell  Hex/Tmut       #.........   98%         5    ######.


Dungeon Overview and Level Annotations

Branches:
Dungeon (6/15)              Sewer (visited)
 Temple: D:4-7

Altars:
Cheibriados
Dithmenos
Elyvilon
Hepliaklqana
Kikubaaqudgha
Makhleb
Nemelex Xobeh
Qazlal
Trog
Xom
Yredelemnul
The Shining One


Innate Abilities, Weirdness & Mutations

You can be seen from farther away. (+LOS)
You can swim through water.
You cover ground slowly.
You can hop short distances.
You are partially covered in thin metallic scales. (AC +2)
Armour fits poorly on your strangely shaped body.
Your muscles are strong. (Str +2)


Message History

Okay, then.
Hop to where?
Press: ? - help, Dir - move target cursor Boing!
The centaur wields a +0 shortbow.
The centaur shoots an arrow.
The arrow hits you!
* * * LOW HITPOINT WARNING * * *
Okay, then.
Okay, then.
Okay, then.
Okay, then.
Okay, then.
Your magical effects are unravelling.
You feel magically purged.
You feel yourself speed up.
The centaur shoots an arrow.
The arrow hits you!
* * * LOW HITPOINT WARNING * * *
The centaur shoots an arrow.
The arrow hits you.
* * * LOW HITPOINT WARNING * * *
The centaur shoots an arrow.
The arrow hits you!
You die...

.#o######.#.# #. ####
##.....o5...# ###.
#.. ########.### ...
#.# ### # #...#
#.##.##...# # #...#
#.......# ### #...#
#####...##### ..#
#...# #...zz......#
#.#
#...####z###.#####.#
#.######........@##.#
..
#................##.#
z..
>..............#.##.#
z...
.................##.#
...
..######...#####.##.#
.. .## #.c.......##..
# .# #...##########
.# #...# .# #...#


You could see a centaur and a wight.

Vanquished Creatures
  Eustachio (D:4)
  Menkaure (D:4)
  A black bear (D:6)
  An ice beast (D:5)
  2 ogres
  4 big kobolds
  Blork the orc (D:4)
  A scorpion (D:4)
  2 wights (D:6)
  A crimson imp (D:5)
  2 quasits
  2 orc priests
  A hound (D:5)
  A bullfrog skeleton (D:6)
  5 orc wizards
  Natasha (thrice) (D:2)
  6 worker ants
  12 adders
  2 river rats (Sewer)
  A shadow imp (D:5)
  An ooze (Sewer)
  3 adder skeletons
  5 worms
  A dart slug (D:1)
  3 leopard geckos
  13 orcs
  3 ball pythons
  2 giant cockroaches
  8 goblins
  6 hobgoblins
  14 jackals
  21 kobolds
  5 quokkas
  6 bats
  7 frilled lizards
  8 rats
156 creatures vanquished.

Notes
Turn   | Place    | Note
-------+----------+-------------------------------------------
     0 | D:1      | Masnef the Barachi Arcane Marksman began the quest for the
                  | Orb.
     0 | D:1      | Reached XP level 1. HP: 15/15 MP: 2/2
   177 | D:1      | Reached XP level 2. HP: 16/21 MP: 3/3
   961 | D:1      | Reached XP level 3. HP: 26/26 MP: 4/4
  1514 | D:2      | Learned a level 2 spell: Slow
  1990 | D:2      | Reached skill level 1 in Short Blades
  2067 | D:2      | Reached XP level 4. HP: 26/33 MP: 4/6
  2241 | D:2      | Reached skill level 2 in Fighting
  2673 | D:2      | Noticed Natasha
  2682 | D:2      | Killed Natasha
  3245 | D:3      | Found a faded altar of an unknown god.
  3321 | D:3      | Found a glowing drain.
  3327 | Sewer    | Entered a sewer
  3347 | Sewer    | Noticed a big kobold
  3359 | Sewer    | Reached XP level 5. HP: 24/39 MP: 7/7
  3384 | Sewer    | Killed a big kobold
  3598 | Sewer    | Noticed a big kobold
  3621 | Sewer    | Killed a big kobold
  3621 | Sewer    | Reached skill level 3 in Fighting
  3621 | Sewer    | Reached XP level 6. HP: 23/47 MP: 9/9
  5125 | D:3      | Reached XP level 7. HP: 38/52 MP: 9/11
  5328 | D:2      | Noticed Natasha
  5337 | D:2      | Killed Natasha
  5637 | D:2      | Noticed Natasha
  5652 | D:2      | Killed Natasha
  6501 | D:4      | Got a thick robe
  6727 | D:4      | Noticed Blork the orc
  6941 | D:3      | Reached skill level 4 in Fighting
  7116 | D:4      | Noticed Eustachio
  7148 | D:4      | Killed Eustachio
  7359 | D:4      | Reached skill level 1 in Long Blades
  7359 | D:4      | Reached XP level 8. HP: 32/61 MP: 13/13
  8304 | D:4      | Noticed Menkaure
  8500 | D:4      | Identified the cursed +1 robe of Vuib {Dex+3} (You found it
                  | on level 4 of the Dungeon)
  8568 | D:4      | Gained mutation: You are partially covered in thin metallic
                  | scales. (AC +2) [potion of mutation]
  8568 | D:4      | Gained mutation: Armour fits poorly on your strangely
                  | shaped body. [potion of mutation]
  8568 | D:4      | Gained mutation: Your muscles are strong. (Str +2) [potion
                  | of mutation]
  8577 | D:4      | Paralysed by Blork the orc for 5 turns
  8583 | D:4      | Killed Blork the orc
  8583 | D:4      | Reached skill level 5 in Fighting
  8735 | D:4      | Reached skill level 1 in Axes
  8893 | D:4      | Killed Menkaure
  9213 | D:5      | Entered Level 5 of the Dungeon
  9338 | D:5      | Found a burning altar of Makhleb.
  9339 | D:5      | Found a snail-covered altar of Cheibriados.
  9522 | D:5      | Found a bloodstained altar of Trog.
  9530 | D:5      | Found a basalt altar of Yredelemnul.
  9535 | D:5      | Found a white marble altar of Elyvilon.
  9535 | D:5      | Found a sparkling altar of Nemelex Xobeh.
  9535 | D:5      | Found an ancient bone altar of Kikubaaqudgha.
  9536 | D:5      | Found a stormy altar of Qazlal.
  9541 | D:5      | Found a glowing golden altar of the Shining One.
  9547 | D:5      | Found a shadowy altar of Dithmenos.
  9556 | D:5      | Found a shimmering altar of Xom.
  9561 | D:5      | Found a hazy altar of Hepliaklqana.
 11250 | D:5      | Learned a level 3 spell: Confusing Touch
 11663 | D:6      | Reached skill level 6 in Fighting
 11742 | D:6      | Reached XP level 9. HP: 63/69 MP: 16/16
 12141 | D:6      | Reached skill level 5 in Dodging
 12141 | D:6      | Reached skill level 5 in Hexes
 12250 | D:6      | HP: 2/71 [centaur/arrow (2)]
 12251 | D:6      | Shot with an arrow by a centaur

Illustrated notes

Levels and vault maps discovered:
D:1:      nagdon_arrival_zigzag_paths, layout_basic
D:2:      layout_basic, minmay_pentomino_v4, uniq_natasha
D:3:      layout_rooms, first_ration, chequers_ecumenical_altar_grove,
          portal_sewer_entry_e
D:4:      layout_basic, uniq_menkaure, uniq_eustachio, uniq_blork_the_orc
D:5:      layout_basic, minitemple, minmay_door_square
D:6:      layout_loops_cross, minmay_temple_entry_enclosed_plants,
          ebering_ghost_disaster_area, st_stairs_5

Skill      XL: |  1  2  3  4  5  6  7  8  9 |
---------------+----------------------------+-----
Short Blades   | 1 2 3 |  3.7
Fighting       | 2 3 4 6 |  6.4
Hexes          | 4 5 |  5.2
Dodging        | 3 4 5 |  5.2
Spellcasting   | 2 3 4 |  4.8
Slings         | 3 4 |  4.9
Long Blades    | 1 |  1.7
Axes           | 3 |  3.7

Action                   |  1- 3 |  4- 6 |  7- 9 || total
-------------------------+-------+-------+-------++-------
Melee: Short sword       |    43 |       |       ||    43
       Unarmed           |     4 |       |       ||     4
       Dagger            |       |   128 |   201 ||   329
       Hand axe          |       |       |   122 ||   122
       Rapier            |       |       |    24 ||    24
       Mace              |       |       |    23 ||    23
 Fire: Hunting sling     |    81 |    72 |   100 ||   253
Throw: Stone             |       |    13 |     4 ||    17
 Cast: Corona            |    18 |    23 |    42 ||    83
       Slow              |       |       |     1 ||     1
 Abil: Hop               |       |     2 |     9 ||    11
  Use: Scroll            |     5 |     8 |    12 ||    25
       Potion            |       |     2 |    13 ||    15
 Stab: Sleeping          |       |       |     1 ||     1
  Eat: Chunk             |     1 |     5 |    14 ||    20
       Ration            |     1 |     2 |     3 ||     6
Armor: Robe              |    17 |       |       ||    17
       Leather armour    |       |    23 |   112 ||   135
Dodge: Dodged            |    74 |    76 |   228 ||   378
Block: Other             |       |       |    91 ||    91
       Reflection        |       |       |     1 ||     1
